 Dungeon Crawl Stone Soup version 0.30-a0-862-g1aabd4f9c5 (webtiles) character file.

Game seed: 457813115272762366

130 Dittersdorf the Covered (level 5, -4/33 HPs)
             Began as a Gargoyle Fighter on Mar 9, 2023.
             Slain by Crazy Yiuf
             ... wielding a +3 quarterstaff of chaos
              (6 damage)
             ... on level 2 of the Dungeon.
             The game lasted 00:03:10 (2172 turns).

Dittersdorf the Covered (Gargoyle Fighter)          Turns: 2172, Time: 00:03:10

Health: -4/33      AC: 13    Str: 28    XL:     5   Next: 14%
Magic:  5/5        EV:  8    Int:  8    God:
Gold:   74         SH:  4    Dex:  9    Spells: 4/4 levels left

rFire   . . .      SeeInvis .    a - +0 flail
rCold   . . .      Faith    .    c - +0 buckler
rNeg    + . .      Spirit   .    m - +0 chain mail
rPois   ∞          Reflect  .    (no helmet)
rElec   +          Rampage  .    (no cloak)
rCorr   .                        (no gloves)
Will    .....                    (no boots) Stlth
                                 (no amulet)
HPRegen 0.25/turn                o - +6 ring of strength
MPRegen 0.09/turn                (no ring)

@: no status effects
A: sickness immunity, AC +4, negative energy resistance 1, electricity
resistance, torment resistance 1, petrification resistance
a: no special abilities


You were on level 2 of the Dungeon.
You visited 1 branch of the dungeon, and saw 2 of its levels.

You collected 74 gold pieces.

Inventory:

Hand Weapons
 a - a +0 flail (weapon)
Missiles
 e - 6 poisoned darts (quivered)
Armour
 c - a +0 buckler (worn)
 m - a +0 chain mail (worn)
Jewellery
 o - a +6 ring of strength (left hand)
Wands
 b - a wand of light (7)
Scrolls
 f - a scroll of silence {unknown}
 g - 3 scrolls of identify {unknown}
 h - a scroll of noise {unknown}
 i - 2 scrolls of enchant weapon {unknown}
 j - 2 scrolls of amnesia {unknown}
 k - a scroll of fog {unknown}
 l - a scroll of poison {unknown}
Potions
 d - a potion of might
 n - a potion of haste


   Skills:
 + Level 4.1 Fighting
 + Level 3.0 Maces & Flails
 + Level 4.2 Armour
 + Level 4.2 Shields


You had 4 spell levels left.
You didn't know any spells.
Your spell library was empty.

Dungeon Overview and Level Annotations

Branches:
Dungeon (2/15)

Altars:

Annotations:
D:2 Crazy Yiuf


Innate Abilities, Weirdness & Mutations

You are immune to sickness and miasma.
Your stone body is resilient. (AC +4)
You are immune to poison.
You resist negative energy. (rN+)
You are resistant to electric shocks. (rElec)
You are resistant to unholy torment.
You are immune to petrification.


Message History

No target in view!
Crazy Yiuf shouts!
No reachable target in view!
You open the door.
Throw: 9 darts (poison)
Press: ? - help, Q - select action, (/) - cycle Shift-Dir - straight line, f - Crazy Yiuf
Aim: Crazy Yiuf, wielding a +3 quarterstaff of chaos and wearing a +0 cloak (60% to hit)
You throw a poisoned dart. The poisoned dart hits Crazy Yiuf.
Crazy Yiuf is poisoned.
Crazy Yiuf whimpers, "Defame!"
Crazy Yiuf hits you with a +3 quarterstaff of chaos.
Space warps horribly around you!
Throw: 8 darts (poison)
Press: ? - help, Q - select action, (/) - cycle Shift-Dir - straight line, f/p - Crazy Yiuf
Aim: Crazy Yiuf, wielding a +3 quarterstaff of chaos and wearing a +0 cloak (lightly wounded, poisoned, 60% to hit)
You throw a poisoned dart. The poisoned dart hits Crazy Yiuf.
Crazy Yiuf is lightly wounded.
Crazy Yiuf whimpers, "Lugonu poople unthinkable!"
Crazy Yiuf hits you with a +3 quarterstaff of chaos.
Crazy Yiuf burns you.
Throw: 7 darts (poison)
Press: ? - help, Q - select action, (/) - cycle Shift-Dir - straight line, f/p - Crazy Yiuf
Aim: Crazy Yiuf, wielding a +3 quarterstaff of chaos and wearing a +0 cloak (moderately wounded, poisoned, 60% to hit)
You throw a poisoned dart. The poisoned dart hits Crazy Yiuf.
Crazy Yiuf looks even sicker.
Crazy Yiuf is moderately wounded.
Crazy Yiuf hits you with a +3 quarterstaff of chaos!
* * * LOW HITPOINT WARNING * * *
Crazy Yiuf freezes you.
* * * LOW HITPOINT WARNING * * *
You hit Crazy Yiuf.
Crazy Yiuf is severely wounded.
Crazy Yiuf hits you but does no damage.
You barely miss Crazy Yiuf.
Crazy Yiuf is severely wounded.
Crazy Yiuf hits you but does no damage.
You hit Crazy Yiuf.
Crazy Yiuf is severely wounded.
Crazy Yiuf hits you with a +3 quarterstaff of chaos.
You die...

.##.#.#######...# #.........##.
....#...........# ###'########.
.########....#..# #........#.
........'######## ###......#.
########## #........ #<#######
♣♣♣♣♣##.......# ##.......# ###
♣♣♣.♣...#......## .........#
#...#♣..♣...........##
.........#
#...g@♣♣♣♣............
.........# #)..#♣♣
♣♣..#.#.##### .........# ###
♣♣####.# .........# #.>.#
.........# ##.####
.........########## ####.....#
........).'.......# #........#
..#.......############........#
'########## #.....'...)....#


You could see Crazy Yiuf (very poisoned).

Vanquished Creatures
  Terence (D:2)
  A sleepcap (D:2)
  An adder (D:2)
  A worm (D:2)
  3 dart slugs
  7 endoplasms
  4 giant cockroaches
  A goblin (D:1)
  2 hobgoblins
  2 jackals (D:1)
  3 quokkas
  3 ball pythons (D:1)
  4 bats (D:2)
  2 frilled lizards (D:1)
  16 kobolds
  9 rats
  A bush (D:1)
61 creatures vanquished.

Vanquished Creatures (others)
  11 plants
11 creatures vanquished.

Grand Total: 72 creatures vanquished

Notes
Turn   | Place    | Note
-------+----------+-------------------------------------------
     0 | D:1      | Dittersdorf the Gargoyle Fighter began the quest for the
                  | Orb.
     0 | D:1      | Reached XP level 1. HP: 14/14 MP: 1/1
   103 | D:1      | Reached XP level 2. HP: 19/19 MP: 2/2
   357 | D:1      | Reached XP level 3. HP: 16/23 MP: 3/3
  1476 | D:2      | Reached XP level 4. HP: 29/29 MP: 4/4
  1723 | D:2      | Noticed Terence
  1729 | D:2      | Killed Terence
  1730 | D:2      | Reached XP level 5. HP: 30/33 MP: 5/5
  1982 | D:2      | Found a runed translucent door.
  1983 | D:2      | Noticed Crazy Yiuf
  2169 | D:2      | HP: 1/33 [Crazy Yiuf/+3 quarterstaff of chaos (4)]
  2172 | D:2      | Slain by Crazy Yiuf

Illustrated notes

Levels and vault maps discovered:
D:1:      wheals_arrival_shading, layout_loops_corners, lexackson_kobold_supper
D:2:      layout_basic, corexii_shack, uniq_terence, uniq_crazy_yiuf_cottage

Skill      XL: |  1  2  3  4 |
---------------+-------------+-----
Fighting       | 4 |  4.1
Armour         | 4 |  4.2
Shields        | 4 |  4.2
Maces & Flails | 3 |  3.0

Action                     |  1- 3 |  4- 6 || total
---------------------------+-------+-------++-------
  Melee: Flail             |   229 |    48 ||   277
  Throw: Dart              |       |     3 ||     3
 Armour: Scale mail        |    67 |    17 ||    84
         Chain mail        |       |     6 ||     6
  Dodge: Dodged            |    64 |    19 ||    83
  Block: Buckler           |    29 |    11 ||    40

Table legend: (Time is in decaauts)
 A = Elapsed time spent in this place.
 B = Non-inter-level travel time spent in this place.
 C = Inter-level travel time spent in this place.
 D = Time resting spent in this place.
 E = Time spent auto-exploring this place.
 F = Levels seen in this place.
 G = Mean time per level.
                   A        B        C        D        E       F      G
               +--------+--------+--------+--------+--------+-----+--------+
         Total |   2259 |   2187 |     72 |      0 |   1621 |   2 | 1129.5 |
       Dungeon |   2259 |   2187 |     72 |      0 |   1621 |   2 | 1129.5 |
               +--------+--------+--------+--------+--------+-----+--------+

Top non-repeatable levels by time:
     D:1: 1328 daAuts
     D:2: 930 daAuts
